 Dungeon Crawl Stone Soup version 0.28.0 (webtiles) character file.

Game seed: 4906669498340858711

18 krispywithak the Ruffian (level 2, 0/23 HPs)
             Began as a Draconian Transmuter on Feb 4, 2022.
             Slain by a gnoll (8 damage)
             ... on level 1 of the Dungeon.
             The game lasted 00:01:35 (833 turns).

krispywithak the Ruffian (Draconian Transmuter)      Turns: 833, Time: 00:01:36

Health: 0/23       AC:  4    Str: 12    XL:     2   Next: 48%
Magic:  5/5        EV: 12    Int: 13    God:
Gold:   28         SH:  0    Dex: 11    Spells: 4/5 levels left

rFire   . . .      SeeInvis .     - Unarmed
rCold   . . .      Faith    .   (no shield)
rNeg    . . .      Spirit   .   (armour unavailable)
rPois   .          Reflect  .   (helmet restricted)
rElec   .          Harm     .   (no cloak)
rCorr   .          Rampage  .   (no gloves)
Will    .....                   (no boots)
Stlth   +.........              (no amulet)
HPRegen 0.07/turn               (no ring)
MPRegen 0.09/turn               (no ring)

@: slowed, very slow
A: AC +4, unfitting armour, cold-blooded
a: no special abilities


You were on level 1 of the Dungeon.
You visited 1 branch of the dungeon, and saw 1 of its levels.

You collected 28 gold pieces.

You aren't carrying anything.


   Skills:
 + Level 1.3 Fighting
 + Level 2.0 Dodging
 + Level 3.2 Unarmed Combat
 + Level 2.1 Spellcasting
 + Level 2.4 Transmutations


You had 4 spell levels left.
You knew the following spells:

 Your Spells              Type           Power      Damage    Failure   Level
a - Beastly Appendage     Tmut           14%        N/A       10%         1

Your spell library contained the following spells:

 Spells                   Type           Power      Damage    Failure   Level
 Wereblood                Tmut           7%         N/A       14%         2
 Spider Form              Tmut/Pois      4%         N/A       41%         3
 Ice Form                 Ice/Tmut       4%         N/A       83%         4


Dungeon Overview and Level Annotations

Branches:
Dungeon (1/15)

Altars:


Innate Abilities, Weirdness & Mutations

Your plain brown scales are hard. (AC +4)
You cannot fit into any form of body armour.
You are cold-blooded and may be slowed by cold attacks.


Message History

The dart slug launches a dart at you. The slug dart misses you.
You hit the dart slug.
You tail-slap the dart slug, but do no damage.
The dart slug is moderately wounded.
You hit the dart slug.
The dart slug is almost dead.
The dart slug launches a dart at you. The slug dart misses you.
You hit the dart slug.
You kill the dart slug!
You see here a dart slug corpse.
An endoplasm and a goblin come into view.
There are monsters nearby!
A goblin and a gnoll come into view.
Found a robe and 12 gold pieces.
The endoplasm quivers.
The gnoll shouts!
The goblin shouts!
The goblin hits you with a +0 dagger.
The gnoll hits you from afar with a +0 spear.
You hit the endoplasm.
The endoplasm is moderately wounded.
The endoplasm closely misses you. The goblin hits you but does no damage.
The gnoll hits you from afar with a +0 spear.
You hit the endoplasm but do no damage.
The endoplasm is moderately wounded.
The endoplasm freezes you.
You are frozen.
The goblin barely misses you.
You barely miss the endoplasm.
The endoplasm is moderately wounded.
The gnoll misses you.
The endoplasm jiggles.
The endoplasm freezes you.
You are frozen.
You feel yourself slow down.
You hit the endoplasm.
You kill the endoplasm!
The goblin hits you with a +0 dagger. The gnoll completely misses you.
The goblin closely misses you.
The gnoll hits you from afar with a +0 spear!
You die...

#...# #.#..# #.#
#...# #.##.# #.#
#...# #. #.## #.#
#...# .. #..# #.#
#...# ### ## ##.# #.#
#...############.#
#.## #.#
#...'>........†..#
#..# #.#
#...############.####
##.# #.# .....#
.......@.g[# #.###.#
##.#.# ###...gg...#
#..##.# ##.#.#
#........# ##.##.#
##.#.# #........#
#..#.# ##.#.#
##.......# ##.#.#
##[#.. #.......#
#.#.# ##.#..
#......$# ######...#
.#.#.. #.......#
#........# .#.#
###.......>.


You could see a gnoll and 2 goblins.

Vanquished Creatures
  3 dart slugs (D:1)
  2 bats (D:1)
  2 endoplasms (D:1)
  2 hobgoblins (D:1)
  2 quokkas (D:1)
  A frilled lizard (D:1)
12 creatures vanquished.

Notes
Turn   | Place    | Note
-------+----------+-------------------------------------------
     0 | D:1      | krispywithak the Draconian Transmuter began the quest for
                  | the Orb.
     0 | D:1      | Reached XP level 1. HP: 16/16 MP: 3/3
   347 | D:1      | Reached XP level 2. HP: 23/23 MP: 3/5
   833 | D:1      | Slain by a gnoll

Illustrated notes

Levels and vault maps discovered:
D:1:      dpeg_arrival_more_subterranean_lakeside_camping, layout_basic

Skill      XL: |  1 |
---------------+----+-----
Dodging        | 2 |  2.0
Fighting       | |  1.3
Unarmed Combat | |  3.2
Spellcasting   | |  2.1
Transmutations | |  2.4

Action                   || total
-------------------------++-------
Melee: Unarmed           ||    54
       Kick              ||     5
       Tailslap          ||     4
       Punch             ||     1
       Headbutt          ||     1
 Cast: Beastly Appendage ||     3
Armor: Skin              ||    18
Dodge: Dodged            ||    52
